 Dungeon Crawl Stone Soup version 0.27-a0-1545-g3eddc1d3d3 (webtiles) character file.

Game seed: 15037330689007424435

545589 Mitsuki the Slingshot (level 27, -1/203 HPs)
             Began as a Halfling Hunter on Mar 17, 2021.
             Was the Champion of Okawaru.
             Slain by a spriggan berserker (38 damage)
             ... on level 4 of the Depths on July 13, 2021.
             The game lasted 06:57:20 (78233 turns).

Mitsuki the Slingshot (Halfling Hunter)            Turns: 78233, Time: 06:57:20

Health: -1/203     AC: 25    Str: 19      XL:     27
Magic:  27/29      EV: 38    Int: 13 (16) God:    Okawaru [******]
Gold:   4255       SH: 22    Dex: 28      Spells: 25/26 levels left

rFire    + + .     SeeInvis .   X - +9 fustibalus (freeze)
rCold    + . .     Faith    .   M - +3 buckler {rPois}
rNeg     . . .     Spirit   .   Q - +0 fire dragon scales
rPois    +         Reflect  +   t - +0 helmet of the Hills {rElec Int+7}
rElec    +         Harm     .   l - scarf {rC+ rF+}
rCorr    +         Rampage  +   y - +3 pair of gauntlets of War {Slay+5}
Will     ++...                  e - +0 pair of boots {Stlth+}
Stlth    ++++......             U - amulet of Amelioration {Reflect Rampage rF- Regen+ Str+6 SH+5}
HPRegen  1.43/turn              E - ring of resist corrosion
MPRegen  0.21/turn              S - ring of protection from cold

@: heroic, contaminated, glowing, studying Armour
A: small, no large weapons, mutation resistance 1, large bone plates 1
}: 3/15 runes: decaying, serpentine, silver
a: Renounce Religion, Heroism, Finesse


You were on level 4 of the Depths.
You worshipped Okawaru.
Okawaru was exalted by your worship.
You visited 9 branches of the dungeon, and saw 44 of its levels.
You visited the Abyss 1 time.
You visited 1 bazaar.
You also visited: Volcano.

You collected 7528 gold pieces.
You spent 3273 gold pieces at shops.

Inventory:

Hand Weapons
 X - a +9 fustibalus of freezing (weapon)
Missiles
 d - 412 sling bullets
 h - 843 stones (quivered ammo)
 A - 25 curare-tipped darts
 D - 13 atropa-tipped darts
Armour
 e - a +0 pair of boots of stealth (worn)
 l - a scarf of resistance (worn)
 t - the +0 helmet of the Hills (worn) {rElec Int+7}
   (You bought it in a shop in a bazaar)

   Int:       It affects your intelligence (+7).
   rElec:     It insulates you from electricity.
 y - the +3 pair of gauntlets of War (worn) {Slay+5}
   (You bought it in a shop on level 2 of the Snake Pit)

   Slay:      It affects your accuracy & damage with ranged weapons and melee
   (+5).
 M - a +3 buckler of poison resistance (worn)
 Q - +0 fire dragon scales (worn)
Jewellery
 p - a ring of see invisible
 E - a ring of resist corrosion (left hand)
 S - a ring of protection from cold (right hand)
 U - the amulet of Amelioration (around neck) {Reflect Rampage rF- Regen+ Str+6 SH+5}
   (You found it on level 5 of the Vaults)

   [amulet of reflection]

   It reflects blocked missile attacks.
   Str:       It affects your strength (+6).
   rF:        It makes you vulnerable to fire.
   Regen:     It increases your rate of health regeneration.
   SH:        It affects your SH (+5).
   Rampage:   It bestows one free step when moving towards enemies.
Wands
 c - a wand of mindburst (25)
 m - a wand of paralysis (39)
 v - a wand of acid (16)
 C - a wand of iceblast (75)
 H - a wand of digging (9)
Scrolls
 b - 4 scrolls of fog
 j - 14 scrolls of teleportation
 s - 6 scrolls of blinking
 x - 6 scrolls of magic mapping
 F - 4 scrolls of fear
 K - 3 scrolls of summoning
 W - a scroll of silence
Potions
 f - 7 potions of curing
 k - 13 potions of flight
 o - 6 potions of haste
 u - 4 potions of might
 z - 3 potions of cancellation
 B - 2 potions of resistance
 G - 2 potions of heal wounds
Miscellaneous
 g - a phantom mirror
 n - a lightning rod (4/4)
 q - a phial of floods
 r - a condenser vane
 O - a box of beasts
 T - a tin of tremorstones (2/2)


   Skills:
 * Level 20.4(25.4) Fighting
 + Level 26.1(27) Slings
 + Level 18.1(23.1) Armour
 + Level 22.8(27) Dodging
 + Level 17.7(22.7) Stealth
 - Level 5.6(10.6) Shields
 + Level 1.1 Translocations
 - Level 8.5 Invocations
 - Level 10.0 Evocations


You had 25 spell levels left.
You knew the following spells:

 Your Spells              Type           Power      Damage    Failure   Level
b - Apportation           Tloc           4%         N/A       36%         1

Your spell library contained the following spells:

 Spells                   Type           Power      Damage    Failure   Level
 Animate Skeleton         Necr           0%         N/A       52%         1
 Corona                   Hex            0%         N/A       52%         1
 Foxfire                  Conj/Fire      0%         2x1d4     52%         1
 Magic Dart               Conj           0%         1d3       52%         1
 Pain                     Necr           0%         1d4       52%         1
 Call Imp                 Summ           0%         N/A       67%         2
 Corpse Rot               Necr/Air       N/A        N/A       67%         2
 Ensorcelled Hibernation  Hex/Ice        0%         N/A       67%         2
 Poisonous Vapours        Pois/Air       0%         N/A       67%         2
 Searing Ray              Conj           0%         3d3       67%         2
 Confusing Touch          Hex            0%         N/A       88%         3
 Conjure Flame            Conj/Fire      0%         6-21      88%         3
 Dazzling Flash           Conj/Hex       0%         N/A       88%         3
 Inner Flame              Hex/Fire       0%         N/A       88%         3
 Mephitic Cloud           Conj/Pois/Air  0%         N/A       88%         3
 Spider Form              Tmut/Pois      0%         N/A       88%         3
 Summon Guardian Golem    Hex/Summ       0%         N/A       88%         3
 Tukima's Dance           Hex            0%         N/A       88%         3
 Vampiric Draining        Necr           0%         2d6       88%         3
 Animate Dead             Necr           0%         N/A       99%         4
 Cause Fear               Hex            0%         N/A       99%         4
 Fulminant Prism          Conj/Hex       0%         3d6       99%         4
 Iskenderun's Mystic Bla  Conj/Tloc      1%         2d3       99%         4
 Agony                    Necr           0%         N/A       100%        5
 Alistair's Intoxication  Tmut/Pois      0%         N/A       100%        5
 Blade Hands              Tmut           0%         N/A       100%        5
 Freezing Cloud           Conj/Ice/Air   0%         6-21      100%        5
 Irradiate                Conj/Tmut      0%         3d13      100%        5
 Silence                  Hex/Air        0%         N/A       100%        5
 Yara's Violent Unravell  Hex/Tmut       0%         3d3       100%        5
 Invisibility             Hex            0%         N/A       100%        6
 Shadow Creatures         Summ           N/A        N/A       100%        6
 Simulacrum               Ice/Necr       0%         N/A       100%        6
 Statue Form              Tmut/Erth      0%         N/A       100%        6
 Dragon Form              Tmut           0%         N/A       100%        7
 Malign Gateway           Summ/Tloc      0%         N/A       100%        7
 Orb of Destruction       Conj           0%         N/A       100%        7
 Spellforged Servitor     Conj/Summ      0%         N/A       100%        7
 Storm Form               Tmut/Air       0%         N/A       100%        7
 Discord                  Hex            0%         N/A       100%        8
 Summon Horrible Things   Summ           0%         N/A       100%        8


Dungeon Overview and Level Annotations

Branches:
Dungeon (15/15)            Temple (1/1) D:4            Lair (6/6) D:11
  Swamp (4/4) Lair:2        Snake (4/4) Lair:2        Slime (0/5) Lair:5
    Orc (2/2) D:10            Elf (3/3) Orc:2        Vaults (5/5) D:13
  Crypt (0/3) Vaults:2     Depths (4/5) D:15        Volcano (visited)

Altars:
Ashenzari
Cheibriados
Dithmenos
Elyvilon
Fedhas
Gozag
Hepliaklqana
Kikubaaqudgha
Makhleb
Nemelex Xobeh
Okawaru
Qazlal
Ru
Sif Muna
Trog
Uskayaw
Vehumet
Wu Jian
Xom
Yredelemnul
Zin
The Shining One

Shops:
D:5 =   D:11 *   D:12 *   Orc:1 !*   Orc:2 [??(   Elf:2 ?   Elf:3 (
Snake:2 [*   Vaults:1 *(:   Depths:4 (=:=

Portals:
Hell: Depths:1 Depths:2 Depths:3 Depths:4
Abyss: Depths:2 Depths:4
Pandemonium: Depths:1 Depths:3
Ziggurat: Depths:3

Annotations:
Elf:1 3 runed translucent doors
Depths:4 1 transporter


Innate Abilities, Weirdness & Mutations

You are small and have problems with some larger weapons.
You are somewhat resistant to further mutation.
You are partially covered in large bone plates. (SH +4)


Message History

The gold dragon scales are intact enough to wear.
You block the fire dragon's attack. x3
The spriggan berserker closely misses you.
You feel your intelligence returning.
Your Translocations skill increases to level 1!
You shoot a stone. The stone hits the fire dragon!
The stone freezes the fire dragon.
The fire dragon is lightly wounded.
You block the fire dragon's attack. x2; The fire dragon completely misses you.
The tengu conjurer casts a spell.
The tengu conjurer conjures a globe of magical energy!
The spriggan berserker misses you.
A battlesphere comes into view.
You take 14 damage, and have 129/203 hp.
You shoot a stone. The stone hits the fire dragon!!
The stone freezes the fire dragon!
The fire dragon is heavily wounded.
The spriggan berserker hits you with a +0 broad axe!!
You hear a loud "Zot"!
The power of Zot is invoked against you!
You are contaminated with residual magic.
You block the fire dragon's attack. The fire dragon completely misses you.
The fire dragon closely misses you.
You take 25 damage, and have 104/203 hp.
You shoot a stone. The stone hits the fire dragon!
The stone freezes the fire dragon.
The fire dragon is heavily wounded.
The spriggan berserker completely misses you.
The spriggan berserker hits you with a +0 broad axe!!
You hear a loud "Zot"!
You take 30 damage, and have 75/203 hp.
You gain the combat prowess of a mighty hero.
The spriggan berserker hits you with a +0 broad axe!!!
* * * LOW HITPOINT WARNING * * *
You block the tengu conjurer's attack. x2
The tengu conjurer claws you but does no damage.
The fire dragon bites you but does no damage.
The fire dragon completely misses you. x2
The spriggan berserker hits you with a +0 broad axe!!!
You die...

.......# (..i #
......## ^ # .... ^
......## #.#. ^#^#
.# # .......#
##..^^.^^. .## #
....#..#
#.^##^#^#.##(^# ##
.......#
#..^^^^.^...# #.
.....###
#^.##.##)^# #.
.......## #^..^Q*(#
#. ........##
#^^.@i(.# ##
..<......##
#..^©D^.# #
.....)....#
#########
.....[....# #####
####
..........#########
#...
.......)......#.©.#
#.#.
...........##.....#
#.#.
...........###...##
#.## ...........#
#.### #...


You could see a fire dragon, a spriggan berserker (berserk, regenerating,
strong-willed), a tengu conjurer and a battlesphere.

Vanquished Creatures
  A juggernaut (Depths:3)
  Bai Suzhen (Depths:3)
  Vashnia (Snake:4)
  Nikola (D:15)
  A golden dragon (Depths:4)
  Jorgrun (D:15)
  3 tentacled monstrosities
  4 liches
  A deep elf master archer (Elf:3)
  2 titans
  2 deep elf blademasters
  2 quicksilver dragons (Vaults:4)
  4 sphinxes
  Kirke (Lair:5)
  5 shadow dragons
  A sphinx (shapeshifter) (Vaults:4)
  2 storm dragons
  3 thorn hunters (Swamp:4)
  An ancient champion (Depths:4)
  Agnes (D:14)
  7 tengu reavers
  A fenstrider witch (Swamp:3)
  Roxanne (Swamp:1)
  An azure jelly (shapeshifter) (Vaults:4)
  5 nagarajas
  The ghost of Ibulioru the Devastator, a journeyman DsCj of Vehumet (D:15)
  A fenstrider witch (shapeshifter) (Depths:3)
  10 fire giants
  9 deep elf sorcerers
  The ghost of Ranovirph the Spry, a journeyman DjMo of Ashenzari (Snake:3)
  10 frost giants
  An iron dragon (Depths:4)
  16 vault wardens
  2 orc warlords (Vaults:2)
  Aizul (Vaults:4)
  A ghoul (Vaults:2)
  21 ironbound preservers
  6 deep elf elementalists (Elf:3)
  6 war gargoyles
  2 spriggan defenders
  13 very ugly things
  A quicksilver ooze (shapeshifter) (Vaults:5)
  16 stone giants
  4 deep elf demonologists
  A black draconian (Vaults:4)
  9 deep elf annihilators
  13 dire elephants
  Nessos (D:14)
  A bunyip (Swamp:1)
  7 deep elf death magi
  A blizzard demon (Depths:4)
  7 eleionomae
  11 fire dragons
  12 ettins
  2 green deaths
  3 crystal guardians (Vaults:3)
  5 great orbs of eyes
  12 deep elf high priests
  8 yaktaur captains
  10 ice dragons
  4 salamander tyrants (Snake:4)
  46 vault guards
  3 rakshasas
  2 ghost crabs
  3 spriggan air magi
  26 hydras
  An ice dragon (shapeshifter) (Vaults:5)
  17 naga warriors
  2 boulder beetles
  3 peacekeepers
  12 ironbound thunderhulks
  2 catoblepae
  A hell beast (Depths:4)
  7 two-headed ogres
  14 centaur warriors
  14 anacondas
  An ogre mage (D:13)
  25 dancing weapons
  A satyr (shapeshifter) (Vaults:5)
  9 alligators
  10 deep troll earth magi
  3 vampire magi
  6 death yaks
  8 tengu warriors
  6 ironbound frosthearts
  4 deep troll shamans
  13 ironbound beastmasters
  3 soul eaters
  10 naga sharpshooters
  7 shock serpents
  5 orc high priests
  A sun demon (Depths:1)
  23 deep elf knights
  9 hell knights
  Sonja (D:13)
  2 salamander mystics (Snake:4)
  A wretched star (Abyss:2)
  6 skeletal warriors
  A sixfirhy (Abyss:2)
  A golden dragon zombie (D:15)
  11 iron trolls
  Nergalle (Lair:4)
  A spectral anaconda (Snake:3)
  47 deep trolls
  20 ironbound convokers
  2 flayed ghosts
  A goliath frog (Swamp:2)
  19 deep elf archers
  5 spriggan druids
  4 glowing orange brains
  9 naga ritualists
  11 swamp dragons
  6 bog bodies
  21 wizards
  8 lindwurms
  Pikel (D:6)
  The ghost of anet the Magician, a novice DECj of Ashenzari (D:9)
  35 deep elf pyromancers
  6 phantasmal warriors
  A necromancer (D:15)
  19 deep elf zephyrmancers
  A fire giant zombie (D:15)
  4 manticores
  11 orc knights
  10 mana vipers
  8 orc sorcerers
  4 oklob plants (Lair:3)
  83 ugly things
  9 cyclopes
  19 vault sentinels
  7 will-o-the-wisps
  7 guardian serpents
  26 elephants
  18 salamanders
  2 smoke demons (Depths:2)
  A spriggan zombie (D:15)
  5 toenail golems (Volcano)
  An eye of devastation (Lair:5)
  11 cane toads
  42 black mambas
  14 naga magi
  A gargoyle (D:10)
  An orange demon (Depths:2)
  Psyche (D:9)
  2 unseen horrors (D:12)
  2 torpor snails
  A rime drake (Lair:6)
  A kobold demonologist (D:12)
  17 komodo dragons
  2 hellwings (Depths:2)
  28 yaktaurs
  5 tengu conjurers
  A red devil (Depths:2)
  An efreet (D:15)
  2 bloated husks
  An ancient zyme (Abyss:2)
  3 freezing wraiths
  3 anaconda simulacra (Snake:3)
  2 polar bears (Lair:6)
  5 trolls
  13 hornets
  A polar bear (shapeshifter) (Vaults:5)
  24 blink frogs
  5 tyrant leeches
  20 slime creatures
  A fire dragon zombie (D:15)
  6 dream sheep (Lair:6)
  A shock serpent simulacrum (Snake:3)
  A spectral black mamba (Snake:3)
  A dream sheep (shapeshifter) (Vaults:5)
  An air elemental (Elf:1)
  12 spriggans
  A spriggan (shapeshifter) (Elf:3)
  66 yaks
  A ynoxinul (Depths:1)
  A salamander simulacrum (Snake:3)
  3 shadows
  6 water elementals
  7 hogs
  A small abomination (Orc:2)
  5 wyverns
  A human (D:13)
  A wraith (D:12)
  7 basilisks
  A golden eye (shapeshifter) (D:13)
  13 swamp worms
  A steam dragon (D:6)
  A chaos spawn (Depths:2)
  10 vampire mosquitoes
  58 nagas
  4 wargs
  3 swamp worms (shapeshifter)
  6 water moccasins
  2 floating eyes
  2 hell hounds (Lair:3)
  An acid dragon (D:11)
  A spectral naga (Snake:3)
  26 orc warriors
  9 swamp drakes
  2 sky beasts (D:6)
  A hornet zombie (D:8)
  3 ice beasts
  2 black bears
  8 ogres
  15 centaurs
  A wolf (shapeshifter) (Vaults:5)
  17 wolves
  A lemure (D:5)
  3 kobold brigands
  2 gnoll sergeants
  4 scorpions
  15 bullfrogs
  4 killer bees (D:7)
  6 howler monkeys
  5 electric eels
  A lava snake (D:12)
  5 centaur zombies
  A bullfrog zombie (D:5)
  9 orc priests
  A centaur skeleton (D:5)
  6 hounds
  A jelly (D:8)
  Jessica (D:3)
  Natasha (thrice) (D:2)
  2 iguanas
  26 orc wizards
  A scorpion zombie (D:5)
  8 hell rats
  2 killer bee zombies
  A centaur simulacrum (D:9)
  A hound skeleton (D:4)
  A howler monkey zombie (D:8)
  Robin (D:3)
  A howler monkey skeleton (D:4)
  7 adders
  4 gnolls (D:7)
  A shadow imp (D:7)
  8 white imps
  A howler monkey simulacrum (D:9)
  An ufetubus (D:4)
  3 adder skeletons
  4 worms
  A dart slug (D:1)
  64 orcs
  4 removed leopard geckos
  2 ball pythons (D:4)
  5 bats
  A ghost (D:3)
  2 giant cockroaches (D:3)
  9 hobgoblins
  5 jackals
  8 kobolds
  2 quokkas
  5 frilled lizards
  12 goblins
  A quokka skeleton (D:4)
  4 rats
  A bush (Lair:6)
1822 creatures vanquished.

Vanquished Creatures (others)
  A lich (D:15)
  A naga warrior (Snake:1)
  A deep elf knight (Elf:1)
  A wizard (Vaults:3)
  An ugly thing (D:15)
  A naga mage (Snake:2)
  A hellion (Depths:2)
  2 bloated husks (Swamp:1)
  A blink frog (Lair:5)
  A hornet (Swamp:2)
  A spectral black mamba (Snake:3)
  A spriggan (Swamp:2)
  A centaur (D:10)
  2 briar patches (Swamp:4)
  30 foxfires
  39 fungi
  81 plants
  5 withered plants (D:15)
171 creatures vanquished.

Grand Total: 1993 creatures vanquished

Notes
Turn   | Place    | Note
-------+----------+-------------------------------------------
     0 | D:1      | Mitsuki the Halfling Hunter began the quest for the Orb.
     0 | D:1      | Reached XP level 1. HP: 14/14 MP: 1/1
   115 | D:1      | Reached XP level 2. HP: 19/19 MP: 2/2
   124 | D:1      | Reached skill level 6 in Slings
   253 | D:1      | Reached skill level 1 in Armour
   417 | D:1      | Reached XP level 3. HP: 23/24 MP: 3/3
   924 | D:2      | Noticed Natasha
   941 | D:2      | Reached XP level 4. HP: 29/29 MP: 4/4
   958 | D:2      | Killed Natasha
  1042 | D:2      | Noticed Natasha
  1050 | D:2      | Killed Natasha
  1051 | D:2      | Reached XP level 5. HP: 35/35 MP: 5/5
  1160 | D:2      | Found a glowing silver altar of Zin.
  1273 | D:2      | Noticed Natasha
  1285 | D:2      | Killed Natasha
  2066 | D:3      | Reached skill level 7 in Slings
  2170 | D:3      | Found a hide-covered altar of Uskayaw.
  2207 | D:3      | Noticed Jessica
  2217 | D:3      | Killed Jessica
  2218 | D:3      | Reached XP level 6. HP: 35/41 MP: 6/6
  2320 | D:3      | Upgraded the game from 0.27-a0-661-gca034ae587 to
                  | 0.27-a0-1325-g58a489ad9e
  2320 | D:3      | Upgraded the game from 0.27-a0-1325-g58a489ad9e to
                  | 0.27-a0-1331-g60ef6b6952
  2349 | D:3      | Noticed Robin
  2364 | D:3      | Killed Robin
  2836 | D:3      | Found a faded altar of an unknown god.
  3266 | D:4      | Found a staircase to the Ecumenical Temple.
  3269 | D:4      | Noticed an ogre
  3271 | Temple   | Entered the Ecumenical Temple
  3440 | Temple   | Became a worshipper of Warmaster Okawaru
  3747 | D:4      | Reached XP level 7. HP: 39/46 MP: 7/7
  3943 | D:4      | Reached skill level 8 in Slings
  4239 | D:4      | Reached skill level 1 in Invocations
  4239 | D:4      | Reached skill level 1 in Evocations
  4745 | D:5      | Entered Level 5 of the Dungeon
  5275 | D:5      | Found a blossoming altar of Fedhas.
  5322 | D:5      | Reached XP level 8. HP: 45/53 MP: 9/9
  5406 | D:5      | Reached * piety under Okawaru
  5407 | D:5      | Reached skill level 9 in Slings
  5918 | D:5      | Found Bonoesui's Jewellery Shop.
  5999 | D:5      | You fall into a shaft and drop 1 floor!
  6020 | D:6      | Reached skill level 5 in Dodging
  6581 | D:6      | Noticed Pikel
  7001 | D:6      | Reached skill level 10 in Slings
  7191 | D:3      | Found an ancient bone altar of Kikubaaqudgha.
  7191 | D:3      | Found a shimmering blue altar of Sif Muna.
  7259 | D:6      | Killed Pikel
  7260 | D:6      | Reached XP level 9. HP: 59/59 MP: 8/11
  7407 | D:6      | Reached ** piety under Okawaru
  7441 | D:6      | Reached skill level 11 in Slings
  7847 | D:6      | Found a shadowy altar of Dithmenos.
  7986 | D:6      | Reached skill level 5 in Fighting
  8752 | D:7      | Identified the +5 falchion "Otraulac" {freeze, rN++ Int+2}
  9500 | D:8      | Reached XP level 10. HP: 66/66 MP: 11/13
  9928 | D:8      | Reached skill level 12 in Slings
 10041 | D:8      | Reached skill level 5 in Invocations
 10139 | D:8      | Identified a scroll of acquirement
 10146 | D:8      | Acquired a +1 fustibalus of flaming
 10253 | D:9      | Noticed Psyche
 10262 | D:9      | Killed Psyche
 10493 | D:9      | Reached *** piety under Okawaru
 10793 | D:8      | Reached skill level 5 in Evocations
 10954 | D:9      | Found a runed translucent gate.
 10954 | D:9      | Found a runed translucent gate.
 10956 | D:9      | Found a runed translucent gate.
 11452 | D:9      | Reached skill level 13 in Slings
 11635 | D:9      | Noticed anet's ghost (novice DECj)
 11753 | D:10     | Entered Level 10 of the Dungeon
 11899 | D:10     | Noticed a two-headed ogre
 11957 | D:10     | Noticed a two-headed ogre
 12029 | D:9      | Killed a two-headed ogre
 12029 | D:9      | Reached **** piety under Okawaru
 12030 | D:9      | Reached XP level 11. HP: 7/75 MP: 15/15
 12565 | D:10     | Found a glowing golden altar of the Shining One.
 12620 | D:10     | Noticed a cyclops
 12622 | D:10     | Noticed a deep elf pyromancer
 12629 | D:10     | Killed a cyclops
 12629 | D:10     | Received a gift from Okawaru
 12632 | D:10     | Killed a deep elf pyromancer
 12632 | D:10     | Reached ***** piety under Okawaru
 12953 | D:10     | Noticed a purple ugly thing
 12971 | D:10     | Killed a purple ugly thing
 12972 | D:10     | Reached skill level 14 in Slings
 13251 | D:10     | Noticed a manticore
 13280 | D:10     | Killed a manticore
 13305 | D:10     | Identified the +0 buckler of the Big Bang {Rampage *Slow
                  | Int+4}
 13360 | D:10     | Noticed a two-headed ogre
 13371 | D:10     | Killed a two-headed ogre
 13494 | D:10     | Killed a two-headed ogre
 13495 | D:10     | Reached XP level 12. HP: 84/84 MP: 17/17
 13696 | D:10     | Noticed a centaur warrior
 13703 | D:10     | Killed a centaur warrior
 13703 | D:10     | Identified the +5 double sword of the Orcish Mines
                  | {protect, Will+ Str+5} (Okawaru gifted it to you on level
                  | 10 of the Dungeon)
 13703 | D:10     | Received a gift from Okawaru
 14020 | D:10     | Found a staircase to the Orcish Mines.
 14245 | D:11     | Noticed a two-headed ogre
 14264 | D:11     | Killed a two-headed ogre
 14293 | D:11     | Noticed a two-headed ogre
 14301 | D:11     | Killed a two-headed ogre
 14302 | D:11     | Reached skill level 15 in Slings
 14434 | D:11     | Found Itifiyddy's Elemental Accessories.
 14460 | D:11     | Noticed a two-headed ogre
 14470 | D:11     | Killed a two-headed ogre
 14495 | D:11     | Identified the +1 hat of a ziggurat {Int+2 Stlth+} (Okawaru
                  | gifted it to you on level 11 of the Dungeon)
 14495 | D:11     | Received a gift from Okawaru
 14822 | D:11     | Found a staircase to the Lair.
 15138 | D:9      | Killed anet's ghost
 15287 | D:12     | Noticed a skeletal warrior
 15290 | D:12     | Noticed a skeletal warrior
 15293 | D:12     | Noticed a skeletal warrior
 15476 | D:11     | HP: 2/85 [skeletal warrior[a skeletal warrior] (21)]
 15560 | D:11     | Killed a skeletal warrior
 15671 | Lair:1   | Entered Level 1 of the Lair of Beasts
 15817 | D:11     | Reached skill level 16 in Slings
 16277 | Lair:1   | Reached XP level 13. HP: 90/90 MP: 19/19
 16951 | Lair:2   | Found a staircase to the Snake Pit.
 17325 | Lair:2   | Received a gift from Okawaru
 17429 | Lair:2   | Found a staircase to the Swamp.
 17568 | Lair:2   | Noticed an eight-headed hydra
 17578 | Lair:2   | Killed an eight-headed hydra
 17652 | Lair:2   | Noticed a four-headed hydra
 17662 | Lair:2   | Killed a four-headed hydra
 17746 | Lair:2   | Reached skill level 17 in Slings
 18026 | Lair:3   | Found a dark tunnel.
 18036 | Lair:3   | Reached skill level 10 in Dodging
 18058 | Volcano  | Entered a volcano
 18123 | Volcano  | Reached skill level 5 in Armour
 18327 | Volcano  | Reached skill level 10 in Fighting
 18798 | Lair:3   | Noticed a catoblepas
 18832 | Lair:3   | Killed a catoblepas
 18832 | Lair:3   | Received a gift from Okawaru
 18845 | Lair:3   | Reached XP level 14. HP: 79/99 MP: 20/20
 19649 | Lair:4   | Noticed Nergalle
 19707 | Lair:3   | Received a gift from Okawaru
 19918 | Lair:4   | Reached skill level 18 in Slings
 20112 | Lair:4   | Killed Nergalle
 20146 | Lair:4   | Received a gift from Okawaru
 20670 | Lair:4   | Received a gift from Okawaru
 21793 | Lair:5   | Found a staircase to the Slime Pits.
 21907 | Lair:5   | Received a gift from Okawaru
 22029 | Lair:5   | Reached skill level 19 in Slings
 22142 | Lair:5   | Received a gift from Okawaru
 22439 | Lair:1   | Gained mutation: You are weak. (Str -2) [potion of
                  | mutation]
 22442 | Lair:1   | Lost mutation: You are weak. (Str -2) [potion of mutation]
 22442 | Lair:1   | Gained mutation: You are dopey. (Int -2) [potion of
                  | mutation]
 22442 | Lair:1   | Gained mutation: Armour fits poorly on your strangely
                  | shaped body. [potion of mutation]
 22443 | Lair:1   | Lost mutation: Armour fits poorly on your strangely shaped
                  | body. [potion of mutation]
 22443 | Lair:1   | Lost mutation: You are dopey. (Int -2) [potion of mutation]
 22443 | Lair:1   | Gained mutation: You have large cloven feet. [potion of
                  | mutation]
 22444 | Lair:1   | Lost mutation: You have large cloven feet. [potion of
                  | mutation]
 22444 | Lair:1   | Gained mutation: You are agile. (Dex +2) [potion of
                  | mutation]
 22445 | Lair:1   | Lost mutation: You are agile. (Dex +2) [potion of mutation]
 22445 | Lair:1   | Gained mutation: You occasionally shout uncontrollably at
                  | your foes. [potion of mutation]
 22693 | Lair:5   | Reached XP level 15. HP: 97/105 MP: 21/21
 22843 | Lair:5   | Received a gift from Okawaru
 23063 | Lair:6   | Entered Level 6 of the Lair of Beasts
 23369 | Lair:6   | Received a gift from Okawaru
 23468 | Lair:6   | Noticed Kirke
 23485 | Lair:6   | Noticed a sphinx
 23591 | Lair:5   | Noticed a sphinx
 23591 | Lair:5   | Killed Kirke
 23591 | Lair:5   | Received a gift from Okawaru
 23592 | Lair:5   | Reached skill level 10 in Evocations
 24080 | Lair:6   | Found the +8 Wrath of Trog {antimagic, *Rage}
 24135 | Lair:6   | Received a gift from Okawaru
 24256 | Lair:5   | Received a gift from Okawaru
 24337 | Lair:6   | Reached skill level 20 in Slings
 24599 | Lair:6   | Identified the +3 chain mail of Shielding {rN+ rCorr Dex+2}
                  | (Okawaru gifted it to you on level 6 of the Lair of Beasts)
 24599 | Lair:6   | Received a gift from Okawaru
 24695 | Lair:6   | Reached ****** piety under Okawaru
 25583 | Orc:1    | Entered Level 1 of the Orcish Mines
 25693 | Orc:1    | Found Keoquqie's Distillery.
 25702 | Orc:1    | Bought a potion of heal wounds for 50 gold pieces
 25702 | Orc:1    | Bought a potion of haste for 100 gold pieces
 25829 | Orc:1    | Found Ugiasiv's Overcharged Wands.
 26414 | Orc:2    | Entered Level 2 of the Orcish Mines
 26589 | Orc:2    | Found a flickering gateway to a bazaar.
 26618 | Bazaar   | Entered a bazaar
 26636 | Bazaar   | Found Feimnet's Armour Shop.
 26649 | Bazaar   | Found Weimn's Distillery.
 26685 | Bazaar   | Found Fipruos's Book Shop.
 26685 | Bazaar   | Found Buytehol's Antique Armour Boutique.
 26751 | Bazaar   | Bought a bloodstained leather armour for 217 gold pieces
 26751 | Bazaar   | Identified the +1 leather armour "Ditweynk" {Drain rPois
                  | rC+ Dex+2} (You bought it in a shop in a bazaar)
 26751 | Bazaar   | Bought a dazzling helmet for 294 gold pieces
 26751 | Bazaar   | Identified the +0 helmet of the Hills {rElec Int+7} (You
                  | bought it in a shop in a bazaar)
 26751 | Bazaar   | Bought a slimy cloak for 294 gold pieces
 26751 | Bazaar   | Identified the +0 cloak of Foolhardiness {Dex+2} (You
                  | bought it in a shop in a bazaar)
 27014 | Orc:2    | Found a staircase to the Elven Halls.
 27290 | Orc:2    | Reached XP level 16. HP: 86/113 MP: 14/22
 27513 | Orc:2    | Reached skill level 5 in Stealth
 27648 | Orc:2    | Found Nitiss's Antique Weapon Boutique.
 27656 | Orc:2    | Found Teim's Magic Scroll Emporium.
 27673 | Orc:2    | Bought a scroll of identify for 22 gold pieces
 27673 | Orc:2    | Bought a scroll of magic mapping for 38 gold pieces
 27673 | Orc:2    | Bought a scroll of enchant armour for 82 gold pieces
 27673 | Orc:2    | Bought a scroll of blinking for 82 gold pieces
 27673 | Orc:2    | Bought a scroll of identify for 22 gold pieces
 27673 | Orc:2    | Found Ewyog's Magic Scroll Emporium.
 27675 | Orc:2    | Found Serual's Armour Boutique.
 27696 | Orc:2    | Bought a scroll of magic mapping for 56 gold pieces
 27936 | Snake:1  | Entered Level 1 of the Snake Pit
 28168 | Snake:1  | Received a gift from Okawaru
 28246 | Snake:1  | Reached skill level 21 in Slings
 28494 | Snake:1  | Noticed a nagaraja
 28513 | Snake:1  | Killed a nagaraja
 28513 | Snake:1  | Received a gift from Okawaru
 28530 | Snake:1  | Received a gift from Okawaru
 29050 | D:12     | Identified the +7 flail "Fephabli" {vamp, Str+5 Stlth+}
 29342 | D:12     | Found Xauhexoy's Demolitions Depot.
 29370 | D:12     | Identified the +11 long sword of Extermination {vorpal,
                  | rElec rPois rF+ Dex+2}
 29403 | D:12     | Received a gift from Okawaru
 30144 | D:12     | Received a gift from Okawaru
 30543 | D:13     | Received a gift from Okawaru
 31144 | D:13     | Noticed Sonja
 31149 | D:13     | Killed Sonja
 31149 | D:13     | Received a gift from Okawaru
 31190 | D:13     | Reached skill level 10 in Armour
 31706 | D:13     | Received a gift from Okawaru
 31766 | D:13     | Found a gate to the Vaults.
 31812 | D:13     | Reached XP level 17. HP: 119/119 MP: 23/23
 31834 | D:13     | Upgraded the game from 0.27-a0-1331-g60ef6b6952 to
                  | 0.27-a0-1358-ga0a28fc8c3
 32039 | D:14     | Noticed Nessos
 32057 | D:14     | Killed Nessos
 32211 | D:14     | Received a gift from Okawaru
 32262 | D:14     | Reached skill level 1 in Shields
 32444 | D:14     | Noticed Agnes
 32506 | D:14     | Killed Agnes
 32511 | D:14     | Reached skill level 22 in Slings
 32633 | D:14     | Received a gift from Okawaru
 32803 | D:15     | Entered Level 15 of the Dungeon
 32861 | D:15     | Received a gift from Okawaru
 32907 | D:15     | Found a staircase to the Depths.
 33112 | D:15     | Found a shadowy altar of Dithmenos.
 33143 | D:15     | Received a gift from Okawaru
 33204 | D:15     | Found a runed translucent door.
 33321 | D:15     | Found a sacrificial altar of Ru.
 33374 | D:15     | Received a gift from Okawaru
 33592 | D:15     | Noticed Jorgrun
 33618 | D:15     | Noticed Ibulioru's ghost (journeyman DsCj)
 33641 | D:15     | Killed Ibulioru's ghost
 33641 | D:15     | Received a gift from Okawaru
 33771 | Lair:1   | Acquired a +0 pair of boots of stealth
 33877 | Swamp:1  | Entered Level 1 of the Swamp
 34481 | Swamp:1  | Noticed Roxanne
 35217 | Snake:1  | Received a gift from Okawaru
 35446 | Snake:1  | Reached XP level 18. HP: 127/127 MP: 24/24
 35513 | Snake:1  | Received a gift from Okawaru
 35860 | Snake:1  | Upgraded the game from 0.27-a0-1358-ga0a28fc8c3 to
                  | 0.27-a0-1365-ge71e8f7681
 36180 | Snake:2  | Lost mutation: You occasionally shout uncontrollably at
                  | your foes. [potion of mutation]
 36180 | Snake:2  | Gained mutation: You are partially covered in large bone
                  | plates. (SH +4) [potion of mutation]
 36290 | Snake:2  | Reached skill level 23 in Slings
 36689 | Snake:2  | Found Gitu's Antique Armour Shoppe.
 36705 | Snake:2  | Bought the +3 pair of gauntlets of War {Slay+5} for 1472
                  | gold pieces
 36705 | Snake:2  | Found the +3 pair of gauntlets of War {Slay+5}
 36723 | Snake:2  | Found Fimmeras's Neck Hole.
 36949 | Snake:3  | Reached skill level 5 in Shields
 37182 | Snake:3  | Found a runed translucent gate.
 37183 | Snake:3  | Found a runed translucent gate.
 37183 | Snake:3  | Found a runed translucent gate.
 37187 | Snake:3  | Noticed Ranovirph's ghost (journeyman DjMo)
 38109 | Snake:3  | Received a gift from Okawaru
 38578 | Snake:3  | Killed Ranovirph's ghost
 38765 | Snake:4  | Entered Level 4 of the Snake Pit
 38830 | Snake:4  | Received a gift from Okawaru
 38850 | Snake:4  | Identified the +0 robe "Luus" {rC+ Will+ Int-5}
 38966 | Snake:4  | Reached skill level 10 in Stealth
 38972 | Snake:4  | Received a gift from Okawaru
 39103 | Snake:4  | Reached XP level 19. HP: 135/135 MP: 25/25
 39632 | Snake:4  | Noticed Vashnia
 39644 | Snake:4  | Killed Vashnia
 39735 | Snake:4  | Reached skill level 15 in Dodging
 40156 | Snake:4  | Received a gift from Okawaru
 40308 | Snake:4  | Received a gift from Okawaru
 40449 | Snake:4  | Got a serpentine rune of Zot
 40758 | Lair:1   | Upgraded the game from 0.27-a0-1365-ge71e8f7681 to
                  | 0.27-a0-1374-gc14e5d3922
 40942 | Swamp:2  | Identified the +4 ring mail of Dyseridu {Harm rElec}
 41776 | Swamp:3  | Received a gift from Okawaru
 42154 | Swamp:3  | Reached XP level 20. HP: 110/144 MP: 26/26
 42371 | Swamp:3  | Identified the +12 halberd of the Crypt {vorpal, rElec
                  | Str+3}
 42973 | Swamp:4  | Entered Level 4 of the Swamp
 44074 | Swamp:4  | Identified the +0 robe "Homiy" {Fly rElec rF- rN+++ Str-4}
                  | (Okawaru gifted it to you on level 4 of the Swamp)
 44074 | Swamp:4  | Received a gift from Okawaru
 44111 | Swamp:4  | Reached skill level 15 in Fighting
 44367 | Swamp:4  | Got a decaying rune of Zot
 44603 | Swamp:1  | Killed Roxanne
 45318 | D:15     | Killed Jorgrun
 45596 | Snake:2  | Bought a scarf of resistance for 544 gold pieces
 45897 | Vaults:1 | Entered Level 1 of the Vaults
 46182 | Vaults:1 | Found Ukkuur's Antique Weapon Shop.
 46351 | Vaults:1 | Received a gift from Okawaru
 46619 | Vaults:1 | Received a gift from Okawaru
 46711 | Vaults:1 | Reached XP level 21. HP: 131/152 MP: 27/27
 46946 | Vaults:1 | Paralysed by a floating eye for 2 turns
 46993 | Vaults:1 | Found Veco's Book Boutique.
 47001 | Vaults:1 | Upgraded the game from 0.27-a0-1374-gc14e5d3922 to
                  | 0.27-a0-1381-g81fdcbfb23
 47378 | Vaults:1 | Found Qoxilaogg's Assorted Antiques.
 47951 | Vaults:1 | Received a gift from Okawaru
 48579 | Vaults:2 | Identified the +1 hunting sling "Orugrar" {vorpal, rPois}
                  | (Okawaru gifted it to you on level 2 of the Vaults)
 48579 | Vaults:2 | Received a gift from Okawaru
 49527 | Vaults:2 | Paralysed by a great orb of eyes for 3 turns
 49945 | Vaults:2 | Found a staircase to the Crypt.
 50461 | Vaults:1 | Received a gift from Okawaru
 51018 | Vaults:2 | Identified the +2 ring mail "Poolor" {Harm rElec} (Okawaru
                  | gifted it to you on level 2 of the Vaults)
 51018 | Vaults:2 | Received a gift from Okawaru
 52282 | Vaults:3 | Reached XP level 22. HP: 104/161 MP: 28/28
 53510 | Vaults:3 | Received a gift from Okawaru
 53899 | Vaults:3 | Received a gift from Okawaru
 54990 | Vaults:4 | Received a gift from Okawaru
 56220 | Vaults:4 | Reached XP level 23. HP: 169/169 MP: 29/29
 56254 | Vaults:4 | Noticed Aizul
 56268 | Vaults:4 | Killed Aizul
 57410 | Vaults:4 | Reached skill level 15 in Armour
 57560 | Vaults:4 | Reached skill level 24 in Slings
 57583 | Vaults:4 | Received a gift from Okawaru
 58418 | Vaults:4 | Identified the +1 ring mail "Ukkud" {-Tele Will++ Regen+}
 58481 | Vaults:4 | Identified the +2 hat "Iwkadog" {Rampage *Slow Will+}
 58702 | Vaults:5 | Entered Level 5 of the Vaults
 59249 | Elf:1    | Entered Level 1 of the Elven Halls
 59333 | Elf:1    | Found a runed translucent gate.
 59724 | Elf:1    | Cast into level 2 of the Abyss (a deep elf demonologist)
 59860 | Abyss:2  | Noticed a dread lich
 59874 | Elf:1    | Escaped the Abyss
 60714 | Elf:1    | Found a runed translucent gate.
 60716 | Elf:1    | Found a runed translucent gate.
 60748 | Elf:1    | Found a runed translucent gate.
 60748 | Elf:1    | Found a runed translucent gate.
 60749 | Elf:1    | Found a runed translucent gate.
 61111 | Elf:1    | Received a gift from Okawaru
 61117 | Elf:1    | Reached skill level 15 in Stealth
 61297 | Elf:1    | Reached XP level 24. HP: 173/177 MP: 29/29
 61353 | Elf:1    | Paralysed by an orc sorcerer for 6 turns
 61863 | Elf:1    | Upgraded the game from 0.27-a0-1381-g81fdcbfb23 to
                  | 0.27-a0-1391-g48c30b3128
 62337 | Elf:1    | Upgraded the game from 0.27-a0-1391-g48c30b3128 to
                  | 0.27-a0-1434-g6f15984924
 62368 | Elf:1    | Paralysed by an air elemental for 1 turns
 62528 | Elf:2    | Received a gift from Okawaru
 62663 | Elf:2    | Found a runed translucent gate.
 62663 | Elf:2    | Found a runed translucent gate.
 62664 | Elf:2    | Found a runed translucent gate.
 62825 | Elf:2    | Found Dyugh's Magic Scroll Shop.
 63013 | Elf:3    | Entered Level 3 of the Elven Halls
 63116 | Elf:3    | Found Vyon's Weapon Emporium.
 63129 | Elf:3    | Received a gift from Okawaru
 64256 | Elf:3    | Received a gift from Okawaru
 64709 | Elf:3    | Received a gift from Okawaru
 64836 | Elf:3    | Received a gift from Okawaru
 65137 | Elf:3    | Received a gift from Okawaru
 65148 | Elf:3    | Identified the +6 morningstar "Wysoshra" {flame, rElec
                  | rCorr Dex+8 Stlth-}
 65466 | Elf:3    | Identified the +10 flail "Killer Klown's Bane" {venom,
                  | Str-5 Dex+4}
 65581 | Elf:3    | Identified the +6 hunting sling "Beast's Funeral" {flame,
                  | Will+}
 65609 | Elf:3    | Identified the -4 helmet of Winter {Str+4}
 65641 | Elf:3    | Identified the +4 dagger of Hesanam {elec, rN+ MP+9 Str+6}
 66344 | Elf:2    | Identified the +9 hunting sling of a Thousand Friends
                  | {vorpal, Drain rC+ Will+ Int+3} (Okawaru gifted it to you
                  | on level 2 of the Elven Halls)
 66344 | Elf:2    | Received a gift from Okawaru
 66369 | Elf:2    | Reached XP level 25. HP: 185/185 MP: 29/29
 67121 | Vaults:5 | Reached skill level 25 in Slings
 67156 | Vaults:5 | Received a gift from Okawaru
 68158 | Vaults:5 | Received a gift from Okawaru
 69527 | Vaults:5 | Identified the +1 chain mail "Vosen" {Str+3 Int+2}
 69926 | Vaults:5 | Found the +6 lightning scales {swift rElec}
 70166 | Vaults:5 | Reached XP level 26. HP: 174/182 MP: 29/29
 70447 | Vaults:5 | Identified the amulet of Amelioration {Reflect Rampage rF-
                  | Regen+ Str+6 SH+5}
 70920 | Vaults:5 | Got the Compendium of Necromancy and Curses
 70923 | Vaults:5 | Got a silver rune of Zot
 71863 | Lair:1   | Upgraded the game from 0.27-a0-1434-g6f15984924 to
                  | 0.27-a0-1448-g9c78c815f3
 72003 | Depths:1 | Entered Level 1 of the Depths
 72003 | Depths:1 | Noticed Nikola
 72149 | D:15     | Killed Nikola
 72149 | D:15     | Received a gift from Okawaru
 72603 | Depths:1 | Found a gateway to Hell.
 72724 | Depths:1 | Found the +0 staff of Battle
 73341 | Depths:1 | Found a one-way gate leading to the halls of Pandemonium.
 74394 | Depths:2 | Upgraded the game from 0.27-a0-1448-g9c78c815f3 to
                  | 0.27-a0-1545-g3eddc1d3d3
 74812 | Depths:2 | Found a one-way gate to the infinite horrors of the Abyss.
 75027 | Depths:2 | Found a shimmering blue altar of Sif Muna.
 75100 | Depths:3 | Identified the +1 ring mail "Ugrieps" {Will+} (Okawaru
                  | gifted it to you on level 3 of the Depths)
 75100 | Depths:3 | Received a gift from Okawaru
 75116 | Depths:3 | Noticed Bai Suzhen
 75131 | Depths:3 | Killed Bai Suzhen
 75196 | Depths:3 | Found a gateway to a ziggurat.
 75332 | Depths:3 | Noticed a juggernaut
 75353 | Depths:3 | Killed a juggernaut
 75483 | Depths:3 | Reached XP level 27. HP: 163/198 MP: 29/29
 75908 | Depths:3 | Reached skill level 26 in Slings
 76515 | Depths:4 | Found Fumeoh's Antique Weapon Shoppe.
 76767 | Depths:4 | Found a transporter.
 76800 | Depths:4 | Identified the +7 chain mail "Xoeb Peo" {rElec rC- Dex+6}
 77104 | Depths:4 | Found a transporter.
 77173 | Depths:4 | Found Catio's Jewellery Boutique.
 77175 | Depths:4 | Found Zuisael's Book Emporium.
 77177 | Depths:4 | Found Hirghoxer's Jewellery Boutique.
 77343 | Depths:4 | Received a gift from Okawaru
 77880 | Lair:1   | Learned a level 1 spell: Apportation
 78229 | Depths:4 | Reached skill level 1 in Translocations
 78233 | Depths:4 | Slain by a spriggan berserker

Illustrated notes

Levels and vault maps discovered:
D:1:      scummos_arrival_checkerplants, layout_rooms, kennysheep_boxes
D:2:      layout_basic, old_standard_altar, uniq_natasha
D:3:      layout_loops_ring, nicolae_overflow_hidden_temple,
          lemuel_crystal_altar, chequers_ecumenical_altar_lobes, uniq_robin,
          uniq_jessica
D:4:      layout_layer_cave, minmay_temple_entry_arrows, dk_noncrumbling_2,
          minmay_puff
D:5:      layout_basic, marbit_many_paths, serial_shops, nicolae_stop_n_shop_1,
          minmay_fountain_box, minivault_27
D:6:      layout_cave_pools, overflow_temple_1_default, uniq_pikel
D:7:      layout_basic
D:8:      layout_basic
D:9:      layout_loops_ring, gammafunk_ghost_icy, grunt_decor_resistance,
          uniq_psyche
D:10:     hangedman_cross_cluster, layout_grid_maze
D:11:     layout_basic, grunt_lair_entry_orc_guard_hut, nicolae_elemental_shop
D:12:     dragon1_lemuel, layout_basic, nicolae_blasting_shop
D:13:     layout_irregular_city, grunt_vaults_entry_fortified, uniq_sonja
D:14:     layout_gridville, nicolae_water_bricks, uniq_agnes, uniq_nessos
D:15:     gammafunk_depths_entry_grave, layout_rooms,
          nicolae_ru_sacrificial_ziggurat, ebering_ghost_reflecting_pool,
          grunt_dithmenos_smoke, uniq_jorgrun
Temple:   nicolae_temple_elliptical
Lair:1:   layout_cave_pods
Lair:2:   layout_long_grid, minmay_swamp_entry_wisps,
          guppyfry_snake_entry_garden, grunt_megastairs_5
Lair:3:   layout_loops_ring, enter_volcano_3, minmay_lair_oklob_chamber,
          serial_bayou_shore_a
Lair:4:   layout_regular_city, chequers_serial_rivers_large_b,
          beast_lair_carwin_7, serial_bayou_shore_b, infiniplex_staircase_pool,
          lemuel_fruit_tree, serial_bayou_shore_b, uniq_nergalle
Lair:5:   layout_hall_layers, minmay_slime_entry_eyes, beast_lair_carwin_1
Lair:6:   grunt_lair_end_beastmaster, layout_cave_pods, bobbens_ice_dragon_lair,
          uniq_kirke
Swamp:1:  layout_basic_swamp, nicolae_swamp_big_swirl, uniq_roxanne
Swamp:2:  layout_falls_marsh, evilmike_swamp_ruin_house_3
Swamp:3:  layout_basic_swamp, serial_swamp_ruin, hangedman_swamp_ruin_hall,
          evilmike_swamp_ruin_rubble_2, swamp_pool1, grunt_witch_cave
Swamp:4:  swamp_basic_johnstein, layout_basic_swamp, swamp_pool1
Snake:1:  layout_concentric_octagons, grunt_megastairs_1
Snake:2:  layout_misc_corridors, serial_shops, shop,
          nicolae_shop_sticking_my_neck_out
Snake:3:  layout_chambers, gammafunk_ghost_necromancy
Snake:4:  johnstein_snake_rune_scales, layout_cave_town, drop_trap,
          serial_bayou_shore_b
Orc:1:    layout_caves, serial_shops, nicolae_diamond_shop,
          nicolae_shop_overcharged_wands
Orc:2:    st_orc_elflike, layout_caves, serial_shops, bzr_entry_gold
Elf:1:    layout_geoelf_grid, orc_legates
Elf:2:    layout_gridlike, serial_shops, shop, minmay_curled_crystal
Elf:3:    minmay_elf_hall_x, layout_loops_corners, serial_shops, shop
Vaults:1: v_misc_25, vaults_mumra_chevron, v_alt_pattern_4,
          grunt_vaults_hallway_long, v_misc_8, vaults_mumra_bighexcomb,
          v_alt_pattern_3, ontoclasm_vaults_decontamination,
          ontoclasm_vaults_chip, vaults_dpeg_diagonal, layout_vaults_omnicross,
          serial_shops, nicolae_diamond_shop, nicolae_shop_overgrown_old_shop,
          shop
Vaults:2: hangedman_vaults_nodes, hangedman_vaults_nails,
          nicolae_vaults_asterisk, grunt_vaults_focal, nicolae_vaults_meeting,
          vaults_room_grunt_arrival_ludios, vaults_mumra_minichess_inversion,
          vaults_dpeg_spiral, v_misc_15, layout_vaults_omnigrid,
          minmay_crypt_entry_simple_round
Vaults:3: ontoclasm_vaults_eye, vaults_room_glass_cross, v_misc_24, v_pattern_3,
          v_alt_pattern_2, v_rooms_4, nicolae_vaults_rhombus_7,
          nicolae_vaults_ring_of_whatevers, v_misc_27, dpeg_vaults_monster_row,
          hangedman_vaults_impose, ontoclasm_vaults_ring_small,
          layout_vaults_maze_snakey
Vaults:4: vaults_room_ringed_pool, v_misc_25, grunt_vaults_bifocal, v_rooms_1,
          vaults_dpeg_ring, hangedman_vaults_stitches, st_greater_box_1,
          nicolae_vaults_windows_and_doors_thing, vaults_room_door_ring,
          vaults_dpeg_hooks, vaults_standard_mumra_enter_the_diamond,
          ontoclasm_vaults_idyll, v_misc_16, hangedman_vaults_slice,
          layout_vaults_omnibox, uniq_aizul
Vaults:5
Depths:1: layout_cave_shapes, rand_demon_pan_entry_9, hell_entry,
          chequers_serial_rivers_micro_a, minmay_liquid_box,
          kennysheep_generic_room_12, grunt_megastairs_3, uniq_nikola
Depths:2: kennysheep_demon_jail, layout_basic, lemuel_blue_sif_altar,
          abyss_entry, hell_entry, infiniplex_staircase_spiral_double
Depths:3: minmay_the_grid_four_pointed_star
          [minmay_the_grid_triangle_9x9_stretched_checkered,
          minmay_the_grid_triangle_9x9_odd_lines,
          minmay_the_grid_triangle_9x9_corrupted_corridor,
          minmay_the_grid_triangle_9x9_semitri,
          minmay_the_grid_prize_inner_circle], layout_cave_pools,
          enter_ziggurat_d, hell_entry, nrook_campfire, pan_entry,
          minmay_staircase_bubble, uniq_bai_suzhen
Depths:4: gammafunk_its_a_trap, layout_cave_shapes, abyss_entry_crystal,
          serial_shops, shop, grunt_mini_vestibule,
          infiniplex_staircase_zigzag_4, minmay_shop_grove

Skill      XL: |  1  2  3  4  5  6  7  8  9 10 11 12 13 14 15 16 17 18 19 20 21 22 23 24 25 26 27 |
---------------+----------------------------------------------------------------------------------+-----
Fighting       | 2 3 4 5 7 8 9 10 11 12 13 14 15 16 17 18 19 20 | 20.4
Slings         | 6 7 8 10 11 13 14 16 17 19 20 21 22 23 24 25 26 | 26.1
Armour         | 1 2 3 5 7 8 10 11 12 13 14 15 16 17 18 | 18.1
Dodging        | 3 4 5 6 7 8 9 10 11 12 13 14 15 17 18 19 20 21 22 | 22.8
Invocations    | 1 3 4 6 7 8 |  8.5
Evocations     | 1 3 4 5 6 7 8 9 10 | 10.0
Stealth        | 4 7 8 10 11 12 13 14 15 16 17 | 17.7
Shields        | 4 5 |  5.6
Translocations | 1 |  1.1

Action                   |  1- 3 |  4- 6 |  7- 9 | 10-12 | 13-15 | 16-18 | 19-21 | 22-24 | 25-27 || total
-------------------------+-------+-------+-------+-------+-------+-------+-------+-------+-------++-------
Melee: Short sword       |    23 |       |       |       |       |       |       |       |       ||    23
       Unarmed           |       |       |       |       |     2 |       |       |       |       ||     2
 Fire: Hunting sling     |    48 |   220 |   402 |   107 |    27 |       |       |       |       ||   804
       Fustibalus        |       |       |       |   632 |  1617 |  2006 |  1756 |  1927 |  1756 ||  9694
Throw: Dart              |       |       |       |       |       |       |       |     2 |       ||     2
 Cast: Apportation       |       |       |       |       |       |       |       |       |     1 ||     1
Invok: Heroism           |       |       |     9 |    19 |    22 |    11 |    15 |     4 |     3 ||    83
       Finesse           |       |       |       |     2 |     9 |     5 |     3 |     2 |     2 ||    23
Evoke: Wand              |       |       |     3 |     5 |     7 |     1 |     5 |       |     6 ||    27
       Phial of floods   |       |       |       |       |     3 |       |     2 |     2 |       ||     7
       Tin of tremorston |       |       |       |       |       |       |     2 |     2 |     2 ||     6
       Phantom mirror    |       |       |       |       |       |       |       |     1 |       ||     1
       Piece from Xom's  |       |       |       |       |       |       |       |     6 |       ||     6
       Condenser vane    |       |       |       |       |       |       |       |     1 |     2 ||     3
  Use: Scroll            |       |       |       |    14 |    16 |     5 |     4 |     5 |     4 ||    48
       Potion            |       |       |       |       |    15 |     3 |       |     4 |     3 ||    25
Armor: Leather armour    |     7 |     6 |    18 |    41 |       |       |       |       |       ||    72
       Skin              |       |       |       |     1 |       |       |       |       |       ||     1
       Troll leather arm |       |       |       |    25 |   113 |   146 |    35 |       |       ||   319
       Swamp dragon scal |       |       |       |       |       |       |    41 |    84 |    43 ||   168
       Fire dragon scale |       |       |       |       |       |       |       |       |    71 ||    71
Dodge: Dodged            |    19 |    53 |    95 |   292 |   610 |   700 |   394 |   515 |   652 ||  3330
Block: Other             |       |       |       |       |    88 |    45 |       |       |       ||   133
       Reflection        |       |       |       |       |       |    41 |    81 |   105 |    17 ||   244
       Buckler           |       |       |       |       |       |   335 |   483 |   522 |   625 ||  1965

Table legend: (Time is in decaauts)
 A = Elapsed time spent in this place.
 B = Non-inter-level travel time spent in this place.
 C = Inter-level travel time spent in this place.
 D = Time resting spent in this place.
 E = Time spent auto-exploring this place.
 F = Levels seen in this place.
 G = Mean time per level.
                   A        B        C        D        E       F      G
               +--------+--------+--------+--------+--------+-----+--------+
         Total |  75960 |  67417 |   8543 |   8276 |  40971 |  47 | 1616.2 |
       Dungeon |  22532 |  19188 |   3344 |   1628 |  13414 |  15 | 1502.1 |
        Temple |    191 |    169 |     22 |      0 |    142 |   1 |  191.0 |
          Lair |  10842 |   9189 |   1653 |    883 |   5697 |   6 | 1807.0 |
         Swamp |   4699 |   4063 |    636 |    383 |   2606 |   4 | 1174.8 |
     Snake Pit |   6107 |   5745 |    362 |    356 |   3619 |   4 | 1526.8 |
  Orcish Mines |   3230 |   2917 |    313 |   1137 |   1101 |   2 | 1615.0 |
   Elven Halls |   5924 |   5697 |    227 |   1273 |   2429 |   3 | 1974.7 |
        Vaults |  16409 |  14873 |   1536 |   2286 |   8534 |   5 | 3281.8 |
        Depths |   5316 |   4870 |    446 |    306 |   3205 |   4 | 1329.0 |
         Abyss |    155 |    155 |      0 |      0 |     78 |   1 |  155.0 |
        Bazaar |    189 |    189 |      0 |      0 |     79 |   1 |  189.0 |
       Volcano |    362 |    362 |      0 |     22 |     63 |   1 |  362.0 |
               +--------+--------+--------+--------+--------+-----+--------+

Top non-repeatable levels by time:
Vaults:4: 4715 daAuts
Vaults:2: 3659 daAuts
Vaults:1: 2835 daAuts
   Elf:3: 2800 daAuts
Vaults:3: 2761 daAuts
    D:13: 2440 daAuts
Vaults:5: 2436 daAuts
   Orc:2: 2355 daAuts
  Lair:1: 2148 daAuts
    D:11: 2034 daAuts
     D:9: 2019 daAuts
     D:5: 1959 daAuts
  Lair:6: 1949 daAuts
    D:12: 1944 daAuts
  Lair:3: 1821 daAuts
